 Dungeon Crawl Stone Soup version 0.21.1-1-g345015f (webtiles) character file.

172 inc the Covert (level 5, 0/46 HPs)
             Began as an Octopode Enchanter on Apr 23, 2018.
             Succumbed to a worker ant's poison
             ... on level 4 of the Dungeon.
             The game lasted 00:02:26 (1864 turns).

inc the Covert (Octopode Enchanter)                 Turns: 1864, Time: 00:02:27

Health: 0/46       AC: 22    Str:  4 (7)  XL:     5   Next: 53%
Magic:  0/8        EV:  2    Int: 23 (24) God:
Gold:   107        SH:  0    Dex: 12 (15) Spells: 2/8 levels left

rFire    . . .     SeeInvis .   a - +1 dagger
rCold    . . .     Gourm    .   (no shield)
rNeg     + + +     Faith    .   (helmet currently unavailable)
rPois    +         Spirit   .   (no amulet)
rElec    .         Reflect  .   d - +3 ring of dexterity
rCorr    .         Harm     .   (no ring)
MR       .....     NoTele   +   (no ring)
Stlth    ++++......             (no ring)
HPRegen  0.15/turn              (no ring)
MPRegen  0.11/turn              (no ring)
                                (no ring)
                                (no ring)

@: brilliant, lethally poisoned (0 -> -6), tree-form, very slightly contaminated
A: almost no armour, stealthy swim, (amphibious), 8 rings, (constrict 8)
a: no special abilities


You were on level 4 of the Dungeon.
You were very hungry.
You were a tree.
You visited 1 branch of the dungeon, and saw 4 of its levels.

You collected 107 gold pieces.

Inventory:

Hand Weapons
 a - a +1 dagger (weapon)
Jewellery
 d - a +3 ring of dexterity (left branch)
 m - an uncursed ring of poison resistance {unknown}
 n - an uncursed ring of protection from cold {unknown}
Scrolls
 e - 3 scrolls of remove curse {unknown}
 k - a scroll of teleportation {unknown}
 l - 5 scrolls of identify {unknown}
 s - 4 scrolls of magic mapping {unknown}
Potions
 f - a potion of might {unknown}
 g - a potion of lignification
 h - a potion of curing {unknown}
 i - 2 potions of degeneration
 j - a potion of brilliance
 o - 2 potions of agility {unknown}
 p - a potion of magic {unknown}
 q - a potion of invisibility {unknown}
 r - a potion of haste {unknown}
Books
 b - a book of Maledictions

   Spells                             Type                      Level
   a - Corona                         Hexes                        1
   b - Ensorcelled Hibernation        Hexes/Ice                    2
   c - Confuse                        Hexes                        3
   d - Tukima's Dance                 Hexes                        3
   e - Dazzling Spray                 Conjuration/Hexes            3
Comestibles
 c - 6 rations


   Skills:
 - Level 1.0 Short Blades
 - Level 2.0 Dodging
 + Level 8.5 Stealth
 - Level 2.0 Spellcasting
 - Level 3.0 Hexes


You had 2 spell levels left.
You knew the following spells:

 Your Spells              Type           Power        Failure   Level  Hunger
a - Corona                Hex            ####...      1%          1    #......
b - Ensorcelled Hibernat  Hex/Ice        ###...       1%          2    ##.....
c - Confuse               Hex            ####....     1%          3    ###....


Dungeon Overview and Level Annotations

Branches:
Dungeon (4/15)
 Temple: D:4-7

Altars:
Makhleb
Yredelemnul


Innate Abilities, Weirdness & Mutations

You cannot wear most types of armour.
You are very stealthy in the water. (Stealth+)
((You are amphibious.))
You can wear up to eight rings at the same time.
((You can use your tentacles to constrict eight enemies at once.))
((Your skin changes colour to match your surroundings (Stealth+).))
((Your rubbery body absorbs attacks. (AC +1, EV +1)))


Message History

Aim: a worker ant (moderately wounded, constricted by you, chance to defeat MR: 48%)
The worker ant looks drowsy...
You constrict the worker ant, but do no damage.
* * * LOW HITPOINT WARNING * * *
You feel sick.
The helpless worker ant fails to defend itself.
You impale the worker ant!!
You kill the worker ant!
* * * LOW HITPOINT WARNING * * *
You feel sick.
It was a potion of degeneration.
There was something very wrong with that liquid.
You feel weakened.
You feel dopey.
You feel clumsy.
It was a potion of brilliance.
You feel clever all of a sudden.
* * * LOW HITPOINT WARNING * * *
You feel sick.
It was a potion of lignification.
You turn into a tree.
Your roots penetrate the ground.
You die...

#######
#.....#
#.....#
#.....#
#.....#
#.###.....#
##.......<.#
.......♣...+
....##.†...# .
............
#.#...........
# #.#..######.
.?.... .##.###
#. ..


There were no monsters in sight!

Vanquished Creatures
  Jessica (D:2)
  Natasha (D:2)
  A worker ant (D:4)
  An adder (D:2)
  2 oozes
  2 worms (D:3)
  3 dart slugs
  2 leopard geckos
  6 orcs (D:3)
  6 bats
  4 giant cockroaches
  4 goblins
  6 hobgoblins
  2 jackals (D:3)
  8 kobolds
  2 ball pythons (D:3)
  2 frilled lizards
  10 rats
63 creatures vanquished.

Notes
Turn   | Place    | Note
-------+----------+-------------------------------------------
     0 | D:1      | inc the Octopode Enchanter began the quest for the Orb.
     0 | D:1      | Reached XP level 1. HP: 11/11 MP: 3/3
    66 | D:1      | Reached XP level 2. HP: 16/17 MP: 5/5
    77 | D:1      | Reached skill level 5 in Stealth
   350 | D:1      | Reached XP level 3. HP: 19/21 MP: 6/6
   577 | D:2      | Reached skill level 6 in Stealth
   590 | D:2      | Learned a level 2 spell: Ensorcelled Hibernation
   594 | D:2      | Learned a level 3 spell: Confuse
   856 | D:2      | Noticed Jessica
   860 | D:2      | Killed Jessica
   860 | D:2      | Reached skill level 7 in Stealth
   860 | D:2      | Reached XP level 4. HP: 25/27 MP: 7/7
  1001 | D:2      | Noticed Natasha
  1006 | D:2      | Killed Natasha
  1224 | D:3      | Reached XP level 5. HP: 30/31 MP: 8/8
  1334 | D:3      | Reached skill level 8 in Stealth
  1381 | D:3      | Found a basalt altar of Yredelemnul.
  1588 | D:3      | Found a burning altar of Makhleb.
  1863 | D:4      | HP: 1/31 [poisoned by a worker ant]
  1864 | D:4      | Succumbed to a worker ant's poison

Skill      XL: |  1  2  3  4  5 |
---------------+----------------+-----
Stealth        | 5 7 8 |  8.5
Short Blades   | |  1.0
Dodging        | |  2.0
Spellcasting   | |  2.0
Hexes          | |  3.0

Action                   |  1- 3 |  4- 6 || total
-------------------------+-------+-------++-------
Melee: Dagger            |    62 |    73 ||   135
       Constrict         |    12 |    16 ||    28
       Tentacles         |     7 |    12 ||    19
 Cast: Ensorcelled Hiber |       |     2 ||     2
  Use: Potion            |       |     3 ||     3
 Stab: Sleeping          |    11 |    14 ||    25
  Eat: Chunk             |       |     2 ||     2
Armor: Skin              |     5 |     3 ||     8
Dodge: Dodged            |    37 |    28 ||    65
